 Dungeon Crawl Stone Soup version 0.29-a0-648-g6b26cc9f40 (webtiles) character file.

Game seed: 13308534124241686654

157 SirFunk the Cutter (level 5, -12/31 HPs)
             Began as a Kobold Gladiator on June 20, 2022.
             Mangled by an ogre
             ... wielding a +0 giant spiked club
              (16 damage)
             ... on level 4 of the Dungeon.
             The game lasted 00:06:04 (3337 turns).

SirFunk the Cutter (Kobold Gladiator)               Turns: 3337, Time: 00:06:05

Health: -12/31     AC:  7    Str: 12    XL:     5   Next: 66%
Magic:  5/5        EV: 14    Int:  9    God:
Gold:   131        SH:  0    Dex: 18    Spells: 4/4 levels left

rFire   . . .      SeeInvis .   a - +0 rapier
rCold   . . .      Faith    .   (no shield)
rNeg    . . .      Spirit   .   x - +0 ring mail
rPois   .          Reflect  .   c - +0 helmet
rElec   .          Harm     .   (no cloak)
rCorr   .          Rampage  .   (no gloves)
Will    .....                   f - +0 pair of boots
Stlth   +++.......              (no amulet)
HPRegen 0.10/turn               (no ring)
MPRegen 0.09/turn               (no ring)

@: no status effects
A: small, no large weapons, nightstalker 3
a: no special abilities


You were on level 4 of the Dungeon.
You visited 1 branch of the dungeon, and saw 4 of its levels.

You collected 131 gold pieces.

Inventory:

Hand Weapons
 a - a +0 rapier (weapon)
 b - a +8 club
Missiles
 e - 2 boomerangs (quivered)
 v - 2 poisoned darts
 y - 5 atropa-tipped darts
 z - a throwing net
Armour
 c - a +0 helmet (worn)
 f - a +0 pair of boots (worn)
 j - a +0 scale mail
 w - a +0 leather armour
 x - a +0 ring mail (worn)
Jewellery
 o - a ring of flight
 p - a ring of protection from fire
Scrolls
 d - a scroll of poison {unknown}
 g - a scroll of fear {unknown}
 h - 2 scrolls of immolation {unknown}
 l - 7 scrolls of identify {unknown}
 q - a scroll of enchant weapon {unknown}
 r - a scroll of vulnerability {unknown}
 t - a scroll of blinking {unknown}
 A - a scroll of noise {unknown}
Potions
 i - a potion of heal wounds {unknown}
 k - 3 potions of curing {unknown}
 m - a potion of resistance
 n - a potion of haste {unknown}
 s - a potion of attraction {unknown}
 u - a potion of mutation {unknown}


   Skills:
 + Level 2.5 Fighting
 + Level 5.3 Short Blades
 - Level 2.1 Throwing
 + Level 1.3 Armour
 + Level 4.3 Dodging
 * Level 4.0 Stealth


You had 4 spell levels left.
You didn't know any spells.
Your spell library was empty.

Dungeon Overview and Level Annotations

Branches:
Dungeon (4/15)
 Temple: D:4-7

Altars:

Annotations:
D:3 Sigmund


Innate Abilities, Weirdness & Mutations

You are small and have problems with some larger weapons.
You are completely attuned to the shadows.


Message History

The ogre resists.
The ogre attacks as you move away! The ogre misses you.
The ogre attacks as you move away! The ogre closely misses you.
Throw: 3 throwing nets
Press: ? - help, Shift-Dir - straight line, f/p - ogre
Aim: an ogre, wielding a +0 giant spiked club (77% to hit)
You throw a throwing net. The throwing net hits the ogre.
The ogre is caught in the net!
The ogre struggles against the net.
a - a +0 rapier (weapon)
The ogre struggles against the net.
You hit the ogre.
The ogre is lightly wounded.
The ogre struggles against the net.
You hit the ogre but do no damage.
The ogre is lightly wounded.
The ogre struggles against the net.
You strike the helpless ogre from behind!
You puncture the ogre!
The ogre is severely wounded.
The ogre struggles against the net.
The net rips apart, and the ogre comes free!
You hit the ogre.
The ogre is almost dead.
The ogre hits you with a +0 giant spiked club!
* * * LOW HITPOINT WARNING * * *
The ogre attacks as you move away! The ogre closely misses you.
Throw: 2 boomerangs
Press: ? - help, Q - select action, (/) - cycle Shift-Dir - straight line, f/p - ogre
Aim: an ogre, wielding a +0 giant spiked club (almost dead, 77% to hit)
Okay, then.
Throw: 2 throwing nets
Press: ? - help, Shift-Dir - straight line, f/p - ogre
Aim: an ogre, wielding a +0 giant spiked club (almost dead, 77% to hit)
You throw a throwing net.
The throwing net barely misses the ogre.
The ogre attacks as you move away!
The ogre hits you with a +0 giant spiked club!
Ouch! That really hurt!
You die...

###########
..........#########
..................#
.....###########.##
.....# #.# .....#
#####@# .....#
#(..O.# .....#
#.##### .....# #.#
.....## #.# .)†.§..
#.# ##.#### #.#
....##### #.#
........# #.#


You could see an ogre.

Vanquished Creatures
  Jessica (D:3)
  Natasha (D:4)
  Terence (D:3)
  2 adders
  A worm (D:3)
  2 dart slugs
  An orc (D:3)
  5 bats
  6 endoplasms
  4 giant cockroaches (D:1)
  6 hobgoblins
  4 jackals (D:1)
  3 kobolds
  3 quokkas
  4 ball pythons (D:1)
  A frilled lizard (D:1)
  5 goblins
  2 rats
52 creatures vanquished.

Notes
Turn   | Place    | Note
-------+----------+-------------------------------------------
     0 | D:1      | SirFunk the Kobold Gladiator began the quest for the Orb.
     0 | D:1      | Reached XP level 1. HP: 12/12 MP: 1/1
   209 | D:1      | Reached XP level 2. HP: 17/17 MP: 2/2
   403 | D:1      | Reached XP level 3. HP: 12/21 MP: 3/3
   404 | D:1      | Reached skill level 1 in Stealth
  2230 | D:3      | Reached XP level 4. HP: 25/27 MP: 4/4
  2254 | D:3      | Noticed Terence
  2262 | D:3      | Killed Terence
  2263 | D:3      | Reached skill level 5 in Short Blades
  2335 | D:3      | Noticed Sigmund
  2663 | D:3      | Noticed Jessica
  2667 | D:3      | Killed Jessica
  2668 | D:3      | Reached skill level 1 in Armour
  2668 | D:3      | Reached XP level 5. HP: 31/31 MP: 5/5
  2714 | D:3      | Found a faded altar of an unknown god.
  3248 | D:4      | Noticed Natasha
  3260 | D:4      | Killed Natasha
  3305 | D:4      | Noticed an ogre
  3337 | D:4      | Mangled by an ogre

Illustrated notes

Levels and vault maps discovered:
D:1:      dpeg_arrival_more_subterranean_lakeside_camping, layout_loops_ring
D:2:      layout_loops_corners, chequers_jeans
D:3:      layout_loops_ring, serial_glass, glass_columns_b, glass_columns_a,
          ebering_ecumenical_altar_mist, kennysheep_small_spiral, uniq_jessica,
          uniq_sigmund, uniq_terence
D:4:      layout_basic, serial_shops, nicolae_shop_bloodbath_and_beyond,
          nicolae_shop_crystal, shop, ebering_ghost_gozag, nicolae_wormholes,
          uniq_natasha

Skill      XL: |  1  2  3  4  5 |
---------------+----------------+-----
Dodging        | 4 |  4.3
Stealth        | 2 3 4 |  4.0
Short Blades   | 5 |  5.3
Armour         | 1 |  1.3
Fighting       | |  2.5
Throwing       | |  2.1

Action                   |  1- 3 |  4- 6 || total
-------------------------+-------+-------++-------
Melee: Rapier            |    82 |    25 ||   107
       Punch             |     2 |       ||     2
       Club              |       |    13 ||    13
Throw: Throwing net      |       |     5 ||     5
       Dart              |       |     1 ||     1
  Use: Potion            |     2 |       ||     2
 Stab: Sleeping          |    12 |     7 ||    19
       Held in net/web   |       |     1 ||     1
Armor: Leather armour    |    17 |     1 ||    18
       Ring mail         |       |     7 ||     7
Dodge: Dodged            |    74 |    18 ||    92

Table legend: (Time is in decaauts)
 A = Elapsed time spent in this place.
 B = Non-inter-level travel time spent in this place.
 C = Inter-level travel time spent in this place.
 D = Time resting spent in this place.
 E = Time spent auto-exploring this place.
 F = Levels seen in this place.
 G = Mean time per level.
                   A        B        C        D        E       F      G
               +--------+--------+--------+--------+--------+-----+--------+
         Total |   3338 |   3175 |    163 |    267 |   2275 |   4 |  834.5 |
       Dungeon |   3338 |   3175 |    163 |    267 |   2275 |   4 |  834.5 |
               +--------+--------+--------+--------+--------+-----+--------+

Top non-repeatable levels by time:
     D:1: 1208 daAuts
     D:2: 1133 daAuts
     D:3: 858 daAuts
     D:4: 138 daAuts
